 Dungeon Crawl Stone Soup version 0.31-a0-496-g6f97920a28 (webtiles) character file.

Game seed: 5415731223436910720

46 randomguy2701 the Stinger (level 3, -3/21 HPs)
             Began as an Octopode Venom Mage on Aug 8, 2023.
             Slain by a gnoll
             ... wielding a +0 club
              (8 damage)
             ... on level 1 of the Dungeon.
             The game lasted 00:03:01 (1766 turns).

randomguy2701 the Stinger (Octopode Venom Mage)     Turns: 1766, Time: 00:03:01

Health: -3/21      AC:  1    Str:  7    XL:     3   Next: 68%
Magic:  6/6        EV: 13    Int: 19    God:
Gold:   88         SH:  0    Dex: 12    Spells: 5/6 levels left

rFire   . . .        (no weapon)
rCold   . . .        (no shield)
rNeg    . . .        (helmet restricted)
rPois   .            (no amulet)
rElec   .            (no ring)
rCorr   .            (no ring)
SInv    .            (no ring)
Will    .....        (no ring)
Stlth   +++          (no ring)
HPRegen 0.23/turn    (no ring)
MPRegen 0.10/turn    (no ring)
                     (no ring)

%: no passive effects
@: no status effects
A: almost no armour, amphibious, 8 rings, camouflage 1, gelatinous body 1,
(nimble swimmer 1), tentacles
a: no special abilities


You were on level 1 of the Dungeon.
You visited 1 branch of the dungeon, and saw 2 of its levels.

You collected 88 gold pieces.

Inventory:

Scrolls
 b - 3 scrolls of identify {unknown}
 c - a scroll of teleportation {unknown}
 d - a scroll of noise {unknown}
Potions
 a - a potion of magic


   Skills:
 + Level 0.1 Fighting
 + Level 2.0 Dodging
 * Level 3.3 Stealth
 + Level 2.3 Spellcasting
 + Level 1.5 Transmutations
 + Level 4.5 Poison Magic


You had 5 spell levels left.
You knew the following spells:

 Your Spells              Type           Power      Damage    Failure   Level
a - Sting                 Tmut/Pois      52%        1d5       4%          1

Your spell library contained the following spells:

 Spells                   Type           Power      Damage    Failure   Level
 Poisonous Vapours        Pois/Air       20%        N/A       10%         2
 Sublimation of Blood     Necr           2%         N/A       24%         2
 Mephitic Cloud           Conj/Pois/Air  7%         N/A       26%         3
 Olgreb's Toxic Radiance  Pois           19%        N/A       26%         4
 Petrify                  Tmut/Erth      5%         N/A       75%         4
 Irradiate                Conj/Tmut      2%         3d12      97%         5
 Summon Forest            Summ/Tloc      1%         N/A       99%         5
 Summon Mana Viper        Hex/Summ       2%         N/A       99%         5
 Summon Cactus Giant      Summ           1%         N/A       100%        6


Dungeon Overview and Level Annotations

Branches:
Dungeon (2/15)

Altars:
Xom


Innate Abilities, Weirdness & Mutations

You cannot wear most types of armour.
You are amphibious.
You can wear up to eight rings at the same time.
Your skin changes colour to match your surroundings (Stealth+).
Your rubbery body absorbs attacks. (AC +1, EV +1)
((You are camouflaged when in or above water. (Stealth+)))
You have tentacles for arms and can constrict up to eight enemies at once.


Message History

The hobgoblin is severely wounded.
The hobgoblin hits you.
The sting hits the hobgoblin.
The hobgoblin looks even sicker.
You kill the hobgoblin!
You see here a hobgoblin corpse.
There is an open door here.
A gnoll comes into view. It is wielding a +0 spear.
A gnoll is nearby!
A gnoll is nearby!
A gnoll is nearby!
The sting hits the gnoll.
The gnoll is poisoned.
The gnoll is lightly wounded.
The gnoll shouts!
You hear a shout! x2; You hear an angry hiss.
The gnoll hits you from afar with a +0 spear.
The sting hits the gnoll but does no damage.
The gnoll looks even sicker.
The gnoll is lightly wounded.
A ball python comes into view.
The gnoll hits you from afar with a +0 spear.
A gnoll comes into view. It is wielding a +0 spear.
A gnoll comes into view. It is wielding a +0 club.
There is a stone staircase leading down here.
The gnoll attacks as you move away! The gnoll barely misses you.
The gnoll attacks as you move away! The gnoll barely misses you.
The gnoll attacks as you move away! The gnoll completely misses you.
Things that are here:
a +4 dagger of venom; a +0 robe The gnoll attacks as you move away!
The gnoll closely misses you.
There is an open door here.
The gnoll attacks as you move away! The gnoll barely misses you.
The gnoll attacks as you move away! The gnoll hits you with a +0 club.
There is a stone staircase leading up here.
The gnoll hits you with a +0 club.
You climb upwards.
There is a stone staircase leading down here.
The gnoll attacks as you move away! The gnoll hits you with a +0 club.
* * * LOW HITPOINT WARNING * * *
The gnoll attacks as you move away! The gnoll hits you but does no damage.
The gnoll attacks as you move away! The gnoll hits you with a +0 club!
You die...

#.............#.#.....###.....
#..........##.#.(...#.# #.###.
###........##.###.#.#.###.# #.
#.......................# #.
#......#######......#######.
####'#.# ####.....##.......
#.#.# #......>.##....... #...#
#g##.#..###....... #####
#@##....# #....... #.#######
#....... #.# ######## #.# ###
#.##############..
#.................
#.##############.. ### #.. #..


You could see a gnoll.

Vanquished Creatures
  An adder (D:2)
  A worm (D:2)
  A dart slug (D:1)
  3 bats (D:1)
  2 endoplasms (D:2)
  3 giant cockroaches
  4 goblins
  4 hobgoblins
  A quokka (D:2)
  A ball python (D:1)
  2 frilled lizards (D:1)
  3 kobolds
  5 rats
31 creatures vanquished.

Notes
Turn   | Place    | Note
-------+----------+-------------------------------------------
     0 | D:1      | randomguy2701 the Octopode Venom Mage began the quest for
                  | the Orb.
     0 | D:1      | Reached XP level 1. HP: 11/11 MP: 3/3
   139 | D:1      | Reached XP level 2. HP: 14/17 MP: 0/5
   198 | D:1      | Reached skill level 4 in Poison Magic
   871 | D:2      | Reached XP level 3. HP: 10/21 MP: 0/6
   956 | D:2      | Found a shimmering altar of Xom.
  1766 | D:1      | Slain by a gnoll

Illustrated notes

Levels and vault maps discovered:
D:1:      dpeg_arrival_refuge, layout_basic
D:2:      layout_basic, basic_altar, minmay_misc_feat_hallway,
          wad_floor_pattern_untrapped

Skill      XL: |  1  2 |
---------------+-------+-----
Stealth        | 3 |  3.3
Poison Magic   | 4 |  4.5
Fighting       | |  0.1
Dodging        | |  2.0
Spellcasting   | |  2.3
Transmutations | |  1.5

Action                     || total
---------------------------++-------
  Melee: Unarmed           ||    11
         Constrict         ||     6
         Tentacles         ||     5
   Cast: Sting             ||    59
    Use: Potion            ||     1
 Armour: Skin              ||     2
  Dodge: Dodged            ||    24

Table legend: (Time is in decaauts)
 A = Elapsed time spent in this place.
 B = Non-inter-level travel time spent in this place.
 C = Inter-level travel time spent in this place.
 D = Time resting spent in this place.
 E = Time spent auto-exploring this place.
 F = Levels seen in this place.
 G = Mean time per level.
                   A        B        C        D        E       F      G
               +--------+--------+--------+--------+--------+-----+--------+
         Total |   1766 |   1746 |     20 |      0 |   1507 |   2 |  883.0 |
       Dungeon |   1766 |   1746 |     20 |      0 |   1507 |   2 |  883.0 |
               +--------+--------+--------+--------+--------+-----+--------+

Top non-repeatable levels by time:
     D:2: 973 daAuts
     D:1: 792 daAuts
